 Dungeon Crawl Stone Soup version 0.31-a0-148-gb92c8fe61f (webtiles) character file.

Game seed: 10247350211098712199

415 qw the Shooter (level 6, -2/53 HPs)
             Began as a Minotaur Hunter on June 7, 2023.
             Succumbed to an orc wizard's poison
             ... on level 4 of the Dungeon.
             The game lasted 00:00:54 (2351 turns).

qw the Shooter (Minotaur Hunter)                    Turns: 2351, Time: 00:00:55

Health: -2/53      AC:  7    Str: 15    XL:     6   Next: 60%
Magic:  5/5        EV: 11    Int:  6    God:
Gold:   78         SH:  0    Dex: 16    Spells: 5/5 levels left

rFire   . . .        Y - +6 shortbow
rCold   . . .        (shield currently unavailable)
rNeg    . . .        b - +0 ring mail
rPois   .            (helmet restricted)
rElec   .            (no cloak)
rCorr   .            a - +1 pair of gloves
SInv    .            (no boots)
Will    .....        j - amulet of regeneration
Stlth   +            (no ring)
HPRegen 1.08/turn    (no ring)
MPRegen 0.09/turn

%: no passive effects
@: lethally poisoned (-2 -> -19)
A: horns 2, retaliatory headbutt
a: no special abilities


You were on level 4 of the Dungeon.
You visited 1 branch of the dungeon, and saw 4 of its levels.

You collected 78 gold pieces.


Innate Abilities, Weirdness & Mutations

You have a pair of horns on your head.
You reflexively headbutt those who attack you in melee.


   Skills:
 - Level 4.4 Fighting
 + Level 7.7 Ranged Weapons
 - Level 2.1 Armour
 - Level 2.1 Dodging
 - Level 0.7 Stealth


You had 5 spell levels left.
You didn't know any spells.
Your spell library was empty.

Inventory:

Hand Weapons
 Y - a +6 shortbow (weapon)
Armour
 a - a +1 pair of gloves (worn)
 b - a +0 ring mail (worn)
Jewellery
 j - an amulet of regeneration (around neck)
Wands
 e - a wand of digging (5)
Scrolls
 c - 3 scrolls of identify
 f - a scroll of teleportation
 h - a scroll of vulnerability {unknown}
Potions
 d - a potion of resistance {unknown}
 g - a potion of magic {unknown}
 i - a potion of heal wounds {unknown}
 l - a potion of might
 m - a potion of curing
 n - a potion of degeneration {unknown}

Dungeon Overview and Level Annotations

Branches:
Dungeon (4/15)
 Temple: D:4-7

Altars:


Message History

The black bear is almost dead.
The black bear bites you. The black bear barely misses you.
The black bear claws you but does no damage.
The orc hits you but does no damage. Something hits you but does no damage.
You are poisoned.
You shoot an arrow. The arrow hits the black bear.
You kill the black bear!
You feel very sick. Something hits you but does no damage.
You are more poisoned.
The orc barely misses you.
You shoot an arrow. The arrow hits the orc.
The orc is severely wounded.
You feel very sick. Something hits you but does no damage.
You are more poisoned.
The orc hits you from afar with a +0 trident.
You shoot an arrow. The arrow closely misses the orc.
You feel very sick. Something hits you but does no damage. The orc misses you.
You shoot an arrow. The arrow hits the orc.
You kill the orc!
You feel very sick. Something hits you.
You are more poisoned.
You shoot an arrow.
You feel very sick. Something hits you.
You are more poisoned.
You shoot an arrow.
You feel very sick. Something hits you.
You are more poisoned.
Something hits you but does no damage.
You shoot an arrow.
You feel very sick. Something hits you but does no damage.
You are more poisoned.
You shoot an arrow.
You die...

#..........#.#..
...................#.#..
................####....
##).....##........##.###
#...........#..#.....# #
.....)..............##
##.....)..#......#...###
...).).......[.........#
#)@................
###..#......#....##
#................#
#.....#..#).....##
##.#....)%........
#..###..).........
.##.#.................
........)).............
..........%............


There were no monsters in sight!

Vanquished Creatures
  A black bear (D:4)
  A scorpion (D:4)
  A hound (D:3)
  3 iguanas (D:4)
  4 gnolls (D:4)
  3 adders
  2 dart slugs (D:1)
  14 orcs
  5 ball pythons
  3 bats
  7 endoplasms
  6 goblins
  7 hobgoblins
  4 jackals (D:3)
  8 kobolds
  4 quokkas
  4 frilled lizards
  2 rats (D:3)
79 creatures vanquished.

Notes
Turn   | Place    | Note
-------+----------+-------------------------------------------
     0 | D:1      | qw the Minotaur Hunter began the quest for the Orb.
     0 | D:1      | Reached XP level 1. HP: 18/18 MP: 0/0
     0 | D:1      | 0 ||| qw: Version: 0.2-a-117-gc6b5c8b
     0 | D:1      | 0 ||| qw: Game counter: 2545
     0 | D:1      | 0 ||| qw: Always use a shield: true
     0 | D:1      | 0 ||| qw: God list: Okawaru
     0 | D:1      | 0 ||| qw: Allow faded altars: false
     0 | D:1      | 0 ||| qw: Do Orc after D:15 true
     0 | D:1      | 0 ||| qw: Do second Lair branch before Depths: true
     0 | D:1      | 0 ||| qw: Lair rune preference: random
     0 | D:1      | 0 ||| qw: Plans: Normal
     0 | D:1      | 0 ||| PLANNING D:1-11
   133 | D:1      | Reached XP level 2. HP: 25/25 MP: 1/1
   136 | D:1      | Reached skill level 5 in Ranged Weapons
   294 | D:1      | Reached skill level 3 in Fighting
   535 | D:1      | 535 ||| UPGRADING to amulet of regeneration.
   540 | D:1      | 540 ||| DROPPING amulet of magic regeneration.
   541 | D:1      | 541 ||| READING scroll labelled NESIHUUCUPT.
   544 | D:1      | 544 ||| READING 4 scrolls labelled SUYPEH HUTRUM.
   545 | D:1      | 545 ||| READING 3 scrolls of enchant weapon.
   545 | D:1      | 545 ||| ENCHANTING +1 shortbow.
   546 | D:1      | 546 ||| READING 2 scrolls of enchant weapon.
   546 | D:1      | 546 ||| ENCHANTING +2 shortbow.
   547 | D:1      | 547 ||| READING scroll of enchant weapon.
   547 | D:1      | 547 ||| ENCHANTING +3 shortbow.
   548 | D:1      | 548 ||| READING scroll labelled ZECRES JOIMI.
   549 | D:1      | 549 ||| READING scroll labelled ENI GEOSAERY.
   550 | D:1      | 550 ||| READING scroll labelled FUQURU KEIKK.
   551 | D:1      | 551 ||| DRINKING 2 white potions.
   552 | D:1      | 552 ||| DROPPING scroll of butterflies.
   648 | D:2      | Reached XP level 3. HP: 31/31 MP: 2/2
   768 | D:2      | 768 ||| READING scroll of enchant weapon.
   768 | D:2      | 768 ||| ENCHANTING +4 shortbow.
   871 | D:2      | Found a faded altar of an unknown god.
  1194 | D:2      | 1194 ||| UPGRADING to +1 pair of gloves.
  1199 | D:2      | 1199 ||| UPGRADING to +0 ring mail.
  1209 | D:2      | 1209 ||| DROPPING +0 leather armour.
  1210 | D:2      | 1210 ||| READING scroll labelled WAOJ ITIRUVORR.
  1211 | D:2      | 1211 ||| READING scroll labelled QIOPHA CIFEMEU.
  1212 | D:2      | 1212 ||| READING scroll labelled IDOISHR CAMIY.
  1213 | D:2      | 1213 ||| DRINKING 2 cyan potions.
  1302 | D:3      | Reached XP level 4. HP: 36/38 MP: 3/3
  1898 | D:3      | Reached skill level 6 in Ranged Weapons
  2123 | D:4      | Noticed a scorpion
  2129 | D:4      | Killed a scorpion
  2130 | D:4      | Reached XP level 5. HP: 47/47 MP: 4/4
  2237 | D:4      | 2237 ||| READING scroll of enchant weapon.
  2237 | D:4      | 2237 ||| ENCHANTING +5 shortbow.
  2294 | D:4      | Reached XP level 6. HP: 53/53 MP: 5/5
  2306 | D:4      | Reached skill level 7 in Ranged Weapons
  2349 | D:4      | HP: 12/53 [poisoned by an orc wizard]
  2350 | D:4      | HP: 4/53 [poisoned by an orc wizard]
  2351 | D:4      | Succumbed to an orc wizard's poison

Levels and vault maps discovered:
D:1:      dpeg_arrival_houses_and_road, layout_rooms, corner_web_ring
D:2:      layout_loops_cross, shapermc_ecumenical_altar_petra
D:3:      layout_loops_corners, st_stairs_14
D:4:      layout_cave_pools, minmay_misc_feat_plants

Skill      XL: |  1  2  3  4  5  6 |
---------------+-------------------+-----
Ranged Weapons | 5 6 7 |  7.7
Fighting       | 3 4 |  4.4
Armour         | 2 |  2.1
Dodging        | |  2.1
Stealth        | |  0.7

Action                     |  1- 3 |  4- 6 || total
---------------------------+-------+-------++-------
   Fire: Shortbow          |    62 |   123 ||   185
    Use: Scroll            |    12 |     1 ||    13
         Potion            |     2 |       ||     2
 Armour: Ring mail         |     1 |    19 ||    20
  Dodge: Dodged            |     3 |    27 ||    30

Table legend:
 A = Non-vault XP
 B = Vault XP
 C = Vault XP percentage of total XP
 D = Non-vault monster count
 E = Vault monster count
 F = Vault count percentage of total count
                 A         B        C        D         E       F
            +---------+---------+-------+---------+---------+-------
      Total |     590 |       4 |   0.7 |      77 |       2 |   2.5
            +---------+---------+-------+---------+---------+-------
        D:1 |      36 |       0 |   0.0 |      18 |       0 |   0.0
        D:2 |      33 |       0 |   0.0 |      12 |       0 |   0.0
        D:3 |      86 |       4 |   4.4 |      19 |       2 |   9.5
        D:4 |     435 |       0 |   0.0 |      28 |       0 |   0.0
            +---------+---------+-------+---------+---------+-------
